 Dungeon Crawl Stone Soup version 0.28-a0-1241-gf280a0fbb2 (webtiles) character file.

Game seed: 11146700408327191233

96 Gargoyl the Skirmisher (level 4, 0/41 HPs)
             Began as a Gnoll Abyssal Knight on Dec 26, 2021.
             Was a Believer of Lugonu.
             Slain by an orc (3 damage)
             ... on level 3 of the Dungeon.
             The game lasted 00:03:05 (2424 turns).

Gargoyl the Skirmisher (Gnoll Abyssal Knight)       Turns: 2424, Time: 00:03:05

Health: 0/41       AC: 10    Str: 15    XL:     4   Next: 67%
Magic:  7/7        EV: 11    Int:  9    God:    Lugonu [**....]
Gold:   275        SH:  0    Dex: 12    Spells: 5/5 levels left

rFire   . . .      SeeInvis .   a - +6 hand axe
rCold   . . .      Faith    .   (no shield)
rNeg    . . .      Spirit   .   d - +0 chain mail
rPois   .          Reflect  .   (no helmet)
rElec   .          Harm     .   (no cloak)
rCorr   .          Rampage  .   (no gloves)
Will    .....                   m - +0 pair of boots
Stlth   ..........              g - amulet of the acrobat
HPRegen 0.13/turn               c - +4 ring of evasion
MPRegen 0.10/turn               (no ring)

@: attractive
A: fangs 1, strong nose, distributed training
a: Renounce Religion, Depart the Abyss, Bend Space


You were on level 3 of the Dungeon.
You worshipped Lugonu.
Lugonu was pleased with you.
You visited 1 branch of the dungeon, and saw 3 of its levels.
You visited the Abyss 1 time.

You collected 275 gold pieces.

Inventory:

Hand Weapons
 a - a +6 hand axe (weapon)
Missiles
 e - 10 poisoned darts (quivered)
Armour
 d - a +0 chain mail (worn)
 m - a +0 pair of boots (worn)
Jewellery
 c - a +4 ring of evasion (left hand)
 g - an amulet of the acrobat (around neck)


   Skills:
 + Level 6.6 Fighting
 + Level 1.2 Short Blades
 + Level 1.2 Long Blades
 + Level 4.7 Axes
 + Level 1.2 Maces & Flails
 + Level 1.2 Polearms
 + Level 1.2 Staves
 + Level 1.2 Slings
 + Level 1.2 Bows
 + Level 1.2 Crossbows
 + Level 1.2 Throwing
 + Level 4.7 Armour
 + Level 2.8 Dodging
 + Level 1.2 Stealth
 + Level 1.2 Shields
 + Level 1.2 Unarmed Combat
 + Level 1.2 Spellcasting
 + Level 1.0 Conjurations
 + Level 1.0 Hexes
 + Level 1.0 Summonings
 + Level 1.0 Necromancy
 + Level 1.0 Translocations
 + Level 1.0 Transmutations
 + Level 1.0 Fire Magic
 + Level 1.0 Ice Magic
 + Level 1.0 Air Magic
 + Level 1.0 Earth Magic
 + Level 1.0 Poison Magic
 + Level 4.7 Invocations
 + Level 1.2 Evocations


You had 5 spell levels left.
You didn't know any spells.
Your spell library was empty.

Dungeon Overview and Level Annotations

Branches:
Dungeon (3/15)

Altars:


Innate Abilities, Weirdness & Mutations

You have very sharp teeth.
Your uncanny sense of smell can sniff out nearby items.
Your experience applies equally to all skills.


Message History

The ball python is attracted toward you.
You hit the orc priest. Your bite misses the orc priest.
The orc priest is severely wounded.
You hit something. You hit the hobgoblin.
You kill the hobgoblin!
Lugonu accepts your kill.
You can now bend space around yourself.
Your chain mail prevents you from hitting the adder skeleton.
The adder skeleton closely misses you.
The orc priest hits you but does no damage.
The orc completely misses you. The orc closely misses you.
The adder skeleton closely misses you.
The ball python is attracted toward you.
You hit the orc priest.
The orc priest is almost dead.
You closely miss the adder skeleton. You hit something but do no damage.
The orc priest barely misses you.
The orc hits you from afar with a +0 spear.
* * * LOW HITPOINT WARNING * * *
Something hits you.
* * * LOW HITPOINT WARNING * * *
The adder skeleton bites you but does no damage.
The orc hits you but does no damage.
You barely miss the orc priest.
The orc priest is almost dead.
You miss something. You hit the ball python.
You kill the ball python!
Lugonu accepts your kill.
You hit the adder skeleton. The orc priest barely misses you.
The orc closely misses you. Something hits you but does no damage.
The adder skeleton bites you but does no damage.
The orc hits you but does no damage. The orc priest barely misses you.
You slash the orc priest!
You kill the orc priest!
Lugonu accepts your kill.
You hit something. You barely miss the adder skeleton.
The orc hits you from afar with a +0 spear.
* * * LOW HITPOINT WARNING * * *
Something hits you but does no damage. The adder skeleton barely misses you.
The orc hits you from afar with a +1 vorpal trident.
You die...

***....,######.#........,*
,,,....#* #...#........,*
,,,,,...##*#.###........,*
,,,,*,*...##.# ######..#**
,,,**,###.#[.#######*...*
,,,**,#.....##.....#***,*
,,,**,#.##...#.....# *,*********
,,,**,*,*###.......# *,,,,,,,,,,
,****,*,* ###..@).# *,***,,,,,,
,,,,,,*,* #.Z†{o#* *,* **,,,,,
,,,,,,*,* #....o.#**,** *,,,,,
,,,,,,*,* #.......#*,,* *,,,,,
,,,,,,*,* #.....#..#*,***,,,,,
,****,*,* #######....,,,,,,,,,
,,,**,,,**********,,,..#,,*******
**,,,,,,,,*,,,,,,,,***.#*,,****
***,,,,,,,,,,,,,,,****,***,,,,*


You could see 2 orcs and an adder skeleton.

Vanquished Creatures
  An orc priest (D:3)
  4 gnolls (D:2)
  An adder (D:2)
  A worm (D:2)
  An orc (D:3)
  5 endoplasms
  2 giant cockroaches
  2 hobgoblins
  3 jackals (D:2)
  3 quokkas (D:2)
  7 ball pythons
  3 bats
  2 frilled lizards (D:1)
  4 goblins
  3 kobolds
  2 rats (D:2)
44 creatures vanquished.

Notes
Turn   | Place    | Note
-------+----------+-------------------------------------------
     0 | Abyss:1  | Gargoyl the Gnoll Abyssal Knight began the quest for the
                  | Orb.
     0 | Abyss:1  | Reached XP level 1. HP: 23/23 MP: 3/3
    73 | Abyss:3  | Noticed an orange crystal statue
   115 | Abyss:4  | Noticed a large abomination
   116 | Abyss:4  | Noticed a large abomination
   117 | Abyss:4  | Noticed a small abomination
   119 | Abyss:4  | Noticed a large abomination
   122 | D:1      | Escaped the Abyss
   561 | D:1      | Reached * piety under Lugonu
   610 | D:1      | Reached XP level 2. HP: 28/29 MP: 5/5
   807 | D:1      | Found a faded altar of an unknown god.
  1381 | D:2      | Reached XP level 3. HP: 35/35 MP: 6/6
  1797 | D:2      | Reached skill level 1 in Short Blades
  1797 | D:2      | Reached skill level 1 in Long Blades
  1797 | D:2      | Reached skill level 1 in Maces & Flails
  1797 | D:2      | Reached skill level 1 in Polearms
  1797 | D:2      | Reached skill level 1 in Staves
  1797 | D:2      | Reached skill level 1 in Slings
  1797 | D:2      | Reached skill level 1 in Bows
  1797 | D:2      | Reached skill level 1 in Crossbows
  1797 | D:2      | Reached skill level 1 in Throwing
  1797 | D:2      | Reached skill level 1 in Stealth
  1797 | D:2      | Reached skill level 1 in Shields
  1797 | D:2      | Reached skill level 1 in Unarmed Combat
  1797 | D:2      | Reached skill level 1 in Spellcasting
  1797 | D:2      | Reached skill level 1 in Evocations
  1802 | D:2      | Reached XP level 4. HP: 36/41 MP: 7/7
  2057 | D:2      | Reached ** piety under Lugonu
  2058 | D:2      | Reached skill level 1 in Conjurations
  2058 | D:2      | Reached skill level 1 in Hexes
  2058 | D:2      | Reached skill level 1 in Summonings
  2058 | D:2      | Reached skill level 1 in Necromancy
  2058 | D:2      | Reached skill level 1 in Translocations
  2058 | D:2      | Reached skill level 1 in Transmutations
  2058 | D:2      | Reached skill level 1 in Fire Magic
  2058 | D:2      | Reached skill level 1 in Ice Magic
  2058 | D:2      | Reached skill level 1 in Air Magic
  2058 | D:2      | Reached skill level 1 in Earth Magic
  2058 | D:2      | Reached skill level 1 in Poison Magic
  2424 | D:3      | Slain by an orc

Illustrated notes

Levels and vault maps discovered:
D:1:      matt_arrival_los_fun, layout_basic,
          hellmonk_ecumenical_altar_lost_god, minmay_misc_feat_five,
          minmay_split_cup_small
D:2:      minmay_alternating_diamond, layout_basic
D:3:      layout_rooms, mainiacjoe_overflow_paths

Skill      XL: |  1  2  3  4 |
---------------+-------------+-----
Short Blades   | 1 |  1.2
Long Blades    | 1 |  1.2
Maces & Flails | 1 |  1.2
Polearms       | 1 |  1.2
Staves         | 1 |  1.2
Slings         | 1 |  1.2
Bows           | 1 |  1.2
Crossbows      | 1 |  1.2
Throwing       | 1 |  1.2
Stealth        | 1 |  1.2
Shields        | 1 |  1.2
Unarmed Combat | 1 |  1.2
Spellcasting   | 1 |  1.2
Evocations     | 1 |  1.2
Conjurations   | 1 |  1.0
Hexes          | 1 |  1.0
Summonings     | 1 |  1.0
Necromancy     | 1 |  1.0
Translocations | 1 |  1.0
Transmutations | 1 |  1.0
Fire Magic     | 1 |  1.0
Ice Magic      | 1 |  1.0
Air Magic      | 1 |  1.0
Earth Magic    | 1 |  1.0
Poison Magic   | 1 |  1.0
Fighting       | |  6.6
Axes           | |  4.7
Armour         | |  4.7
Dodging        | |  2.8
Invocations    | |  4.7

Action                   |  1- 3 |  4- 6 || total
-------------------------+-------+-------++-------
Melee: Hand axe          |    86 |    28 ||   114
       Bite              |     4 |     5 ||     9
Invok: Depart the Abyss  |     1 |       ||     1
  Use: Scroll            |    11 |     3 ||    14
       Potion            |       |     2 ||     2
Armor: Leather armour    |     4 |       ||     4
       Ring mail         |     8 |       ||     8
       Chain mail        |    13 |    19 ||    32
Dodge: Dodged            |    88 |    35 ||   123

Table legend: (Time is in decaauts)
 A = Elapsed time spent in this place.
 B = Non-inter-level travel time spent in this place.
 C = Inter-level travel time spent in this place.
 D = Time resting spent in this place.
 E = Time spent auto-exploring this place.
 F = Levels seen in this place.
 G = Mean time per level.
                   A        B        C        D        E       F      G
               +--------+--------+--------+--------+--------+-----+--------+
         Total |   2429 |   2359 |     70 |      0 |   1846 |   7 |  347.0 |
       Dungeon |   2309 |   2239 |     70 |      0 |   1787 |   3 |  769.7 |
         Abyss |    120 |    120 |      0 |      0 |     59 |   4 |   30.0 |
               +--------+--------+--------+--------+--------+-----+--------+

Top non-repeatable levels by time:
     D:2: 1148 daAuts
     D:1: 1089 daAuts
     D:3: 71 daAuts
 Abyss:1: 54 daAuts
 Abyss:4: 29 daAuts
 Abyss:2: 18 daAuts
 Abyss:3: 18 daAuts
